2747 views
Uploaded 2021-06-08 15:49:15
Game version 1.32.10
31:35 long 1on1 ladder game on (2)TerenasStand_LV
Saved by aom
2747 views
Uploaded 2021-06-08 15:49:15
Game version 1.32.10
31:35 long 1on1 ladder game on (2)TerenasStand_LV

39 units @ 7k
/ 1.3k
24 buildings @ 3.7k
/ 1.6k



| Rod of Necromancy | 3 | 450 |
| Ritual Dagger | 1 | 125 |
| Potion of Healing | 2 | 300 |
| Potion of Mana | 1 | 200 |
| Orb of Corruption | 1 | 375 |
| Scroll of Town Portal | 4 | 1400 |
| Scroll of Healing | 2 | 500 |
| Scroll of Protection | 2 | 300 |
| total: | 16 | 3650g |
| Acolyte | 13 | 975 | / | 0 |
| Ghoul | 2 | 240 | / | 0 |
| Crypt Fiend | 11 | 2365 | / | 440 |
| Obsidian Statue | 3 | 600 | / | 105 |
| Abomination | 2 | 480 | / | 140 |
| Frost Wyrm | 3 | 1155 | / | 360 |
| Banshee | 1 | 155 | / | 30 |
| Goblin Shredder | 1 | 375 | / | 100 |
| Goblin Sapper | 1 | 215 | / | 100 |
| Forest Troll Shadow Priest | 2 | 390 | / | 20 |
| total: | 39 | 6950g | / | 1295w |
| Spirit Tower | 2 | 290 | / | 80 |
| Nerubian Tower | 1 | 100 | / | 20 |
| Crypt | 1 | 200 | / | 50 |
| Ziggurat | 11 | 1650 | / | 550 |
| Graveyard | 1 | 215 | / | 0 |
| Altar of Darkness | 1 | 180 | / | 50 |
| Tomb of Relics | 2 | 260 | / | 60 |
| Necropolis | 2 | 450 | / | 0 |
| Slaughterhouse | 1 | 140 | / | 135 |
| Temple of the Damned | 2 | 310 | / | 280 |
| Sacrificial Pit | 2 | 150 | / | 300 |
| Boneyard | 1 | 175 | / | 200 |
| Halls of the Dead | 1 | 320 | / | 210 |
| Black Citadel | 1 | 325 | / | 230 |
| total: | 24 | 3730g | / | 1625w |
| 0:03 | Acolyte |
| 0:05 | Crypt |
| 0:06 | Acolyte |
| 0:09 | Ziggurat |
| 0:39 | Graveyard |
| 0:57 | Altar of Darkness |
| 1:02 | Acolyte |
| 1:07 | Ghoul |
| 1:34 | Ghoul |
| 1:44 | Ziggurat |
| 1:59 | Crypt Fiend |
| 2:07 | Ziggurat |
| 2:23 | Crypt Fiend |
| 2:36 | Tomb of Relics |
| 3:03 | Howl of Terror |
| 3:12 | Crypt Fiend |
| 3:47 | Crypt Fiend |
| 4:01 | Crypt Fiend |
| 4:08 | Rod of Necromancy |
| 4:08 | Ritual Dagger |
| 5:08 | Halls of the Dead |
| 5:09 | Crypt Fiend |
| 5:11 | Cleaving Attack |
| 5:19 | Creature Attack |
| 5:59 | Crypt Fiend |
| 6:01 | Creature Carapace |
| 6:39 | Ziggurat |
| 6:41 | Ziggurat |
| 6:49 | Cleaving Attack |
| 6:59 | Crypt Fiend |
| 7:11 | Forest Troll Shadow Priest |
| 8:03 | Goblin Shredder |
| 8:24 | Howl of Terror |
| 8:28 | Burrow |
| 8:34 | Rod of Necromancy |
| 8:40 | Death Coil |
| 8:45 | Acolyte |
| 9:52 | Necropolis |
| 10:22 | Black Citadel |
| 10:24 | Slaughterhouse |
| 10:28 | Temple of the Damned |
| 10:38 | Unholy Aura |
| 10:47 | Spirit Tower |
| 11:27 | Potion of Healing |
| 11:37 | Obsidian Statue |
| 11:41 | Necropolis |
| 11:46 | Potion of Mana |
| 12:13 | Scroll of Town Portal |
| 12:14 | Scroll of Protection |
| 12:39 | Sacrificial Pit |
| 13:22 | Abomination |
| 13:25 | Ghoul Frenzy |
| 13:27 | Web |
| 14:30 | Cleaving Attack |
| 15:17 | Cannibalize |
| 15:21 | Acolyte |
| 15:22 | Acolyte |
| 15:24 | Acolyte |
| 15:24 | Acolyte |
| 15:24 | Acolyte |
| 16:27 | Obsidian Statue |
| 16:57 | Carrion Swarm |
| 17:32 | Tomb of Relics |
| 17:33 | Ziggurat |
| 17:37 | Sacrificial Pit |
| 17:42 | Doom |
| 17:49 | Death Coil |
| 17:55 | Scroll of Town Portal |
| 18:12 | Scroll of Protection |
| 18:23 | Ziggurat |
| 18:25 | Acolyte |
| 18:31 | Boneyard |
| 18:33 | Nerubian Tower |
| 18:42 | Goblin Sapper |
| 21:04 | Frost Wyrm |
| 21:08 | Obsidian Statue |
| 21:08 | Destroyer Form |
| 21:09 | Abomination |
| 21:10 | Crypt Fiend |
| 21:14 | Acolyte |
| 21:18 | Temple of the Damned |
| 21:19 | Ziggurat |
| 21:20 | Ziggurat |
| 21:35 | Orb of Corruption |
| 21:36 | Scroll of Town Portal |
| 21:38 | Potion of Healing |
| 21:39 | Rod of Necromancy |
| 21:40 | Scroll of Healing |
| 22:06 | Crypt Fiend |
| 22:29 | Banshee |
| 22:32 | Frost Wyrm |
| 22:38 | Crypt Fiend |
| 23:05 | Forest Troll Shadow Priest |
| 23:40 | Frost Wyrm |
| 25:19 | Improved Creature Attack |
| 25:19 | Improved Creature Carapace |
| 25:31 | Unholy Aura |
| 25:45 | Spirit Tower |
| 26:01 | Scroll of Healing |
| 27:10 | Vampiric Aura |
| 27:34 | Scroll of Town Portal |
| 27:57 | Ziggurat |
| 28:53 | Ziggurat |
| 30:19 | Rain of Fire |
| 31:01 | Acolyte |
| 31:02 | Acolyte |
| 31:33 | Unholy Aura |
| Select group | 2221 |
| Select | 662 |
| Right click | 626 |
| Misc. action | 278 |
| Build/train/purchase | 154 |
| Assign group | 70 |
| Use ability | 30 |
| Remove unit | 6 |
| Item give/drop | 3 |
| Minimap ping | 1 |
42 units @ 7.4k
/ 1.2k
17 buildings @ 2.8k
/ 0.8k


| Rod of Necromancy | 1 | 150 |
| Orb of Corruption | 1 | 375 |
| Sacrificial Skull | 2 | 100 |
| Scroll of Town Portal | 4 | 1400 |
| Scroll of Healing | 1 | 250 |
| Circlet of Nobility | 1 | 175 |
| Potion of Lesser Invulnerability | 2 | 300 |
| Periapt of Vitality | 1 | 325 |
| total: | 13 | 3075g |
| Acolyte | 10 | 750 | / | 0 |
| Ghoul | 1 | 120 | / | 0 |
| Crypt Fiend | 21 | 4515 | / | 840 |
| Obsidian Statue | 4 | 800 | / | 140 |
| Gargoyle | 5 | 875 | / | 150 |
| Goblin Shredder | 1 | 375 | / | 100 |
| total: | 42 | 7435g | / | 1230w |
| Nerubian Tower | 3 | 300 | / | 60 |
| Spirit Tower | 1 | 145 | / | 40 |
| Graveyard | 1 | 215 | / | 0 |
| Crypt | 1 | 200 | / | 50 |
| Altar of Darkness | 1 | 180 | / | 50 |
| Ziggurat | 10 | 1500 | / | 500 |
| Tomb of Relics | 1 | 130 | / | 30 |
| Necropolis | 2 | 450 | / | 0 |
| Slaughterhouse | 1 | 140 | / | 135 |
| Halls of the Dead | 1 | 320 | / | 210 |
| Black Citadel | 1 | 325 | / | 230 |
| total: | 17 | 2815g | / | 765w |
| 0:03 | Acolyte |
| 0:03 | Acolyte |
| 0:14 | Graveyard |
| 0:17 | Crypt |
| 0:45 | Altar of Darkness |
| 0:56 | Ziggurat |
| 1:13 | Tomb of Relics |
| 1:24 | Ghoul |
| 1:49 | Crypt Fiend |
| 2:09 | Crypt Fiend |
| 2:45 | Carrion Beetles |
| 2:49 | Rod of Necromancy |
| 2:57 | Halls of the Dead |
| 3:55 | Ziggurat |
| 3:57 | Ziggurat |
| 4:29 | Creature Attack |
| 4:30 | Creature Carapace |
| 4:55 | Spiked Carapace |
| 5:14 | Crypt Fiend |
| 5:14 | Crypt Fiend |
| 5:43 | Carrion Beetles |
| 6:14 | Burrow |
| 6:48 | Frost Nova |
| 7:00 | Web |
| 7:01 | Crypt Fiend |
| 7:35 | Goblin Shredder |
| 8:51 | Spiked Carapace |
| 9:08 | Crypt Fiend |
| 9:08 | Crypt Fiend |
| 9:08 | Crypt Fiend |
| 9:11 | Black Citadel |
| 9:13 | Ziggurat |
| 9:17 | Slaughterhouse |
| 9:19 | Ziggurat |
| 9:26 | Frost Armor |
| 10:05 | Improved Creature Attack |
| 10:05 | Improved Creature Carapace |
| 10:09 | Nerubian Tower |
| 10:10 | Spirit Tower |
| 10:25 | Obsidian Statue |
| 11:44 | Orb of Corruption |
| 11:50 | Scroll of Town Portal |
| 12:07 | Circlet of Nobility |
| 12:08 | Potion of Lesser Invulnerability |
| 12:25 | Obsidian Statue |
| 12:25 | Destroyer Form |
| 12:26 | Crypt Fiend |
| 12:26 | Crypt Fiend |
| 12:26 | Crypt Fiend |
| 13:02 | Frost Nova |
| 13:12 | Necropolis |
| 13:57 | Crypt Fiend |
| 13:57 | Crypt Fiend |
| 13:57 | Crypt Fiend |
| 15:31 | Necropolis |
| 15:34 | Scroll of Town Portal |
| 15:37 | Sacrificial Skull |
| 16:04 | Ziggurat |
| 16:05 | Ziggurat |
| 17:20 | Spiked Carapace |
| 17:27 | Nerubian Tower |
| 17:28 | Acolyte |
| 17:28 | Acolyte |
| 17:28 | Acolyte |
| 17:28 | Acolyte |
| 17:31 | Crypt Fiend |
| 18:21 | Scroll of Town Portal |
| 18:39 | Periapt of Vitality |
| 18:47 | Gargoyle |
| 18:47 | Crypt Fiend |
| 18:49 | Crypt Fiend |
| 18:51 | Acolyte |
| 20:27 | Frost Armor |
| 21:13 | Obsidian Statue |
| 21:13 | Obsidian Statue |
| 21:14 | Disease Cloud |
| 21:16 | Advanced Creature Carapace |
| 21:16 | Advanced Creature Attack |
| 21:36 | Scroll of Healing |
| 21:37 | Sacrificial Skull |
| 21:39 | Crypt Fiend |
| 21:39 | Crypt Fiend |
| 21:46 | Acolyte |
| 22:15 | Ziggurat |
| 22:16 | Ziggurat |
| 22:17 | Ziggurat |
| 23:34 | Crypt Fiend |
| 23:34 | Crypt Fiend |
| 23:42 | Nerubian Tower |
| 23:48 | Acolyte |
| 23:48 | Acolyte |
| 24:18 | Gargoyle |
| 24:18 | Gargoyle |
| 24:18 | Gargoyle |
| 24:19 | Gargoyle |
| 30:34 | Scroll of Town Portal |
| 30:37 | Potion of Lesser Invulnerability |
| Right click | 852 |
| Select | 562 |
| Select group | 299 |
| Build/train/purchase | 133 |
| Assign group | 80 |
| Use ability | 48 |
| Item give/drop | 7 |
| Remove unit | 5 |
| Misc. action | 3 |